 Dungeon Crawl Stone Soup version 0.30.0 (webtiles) character file.

Game seed: 6409416683569621694

192546 fuwafuwa the Gelid (level 18, 0/120 HPs)
             Began as a Human Ice Elementalist on Sept 10, 2023.
             Was the Champion of Hepliaklqana.
             Slain by a death yak (7 damage)
             ... led by Polyphemus
             ... while petrified by a catoblepas
             ... on level 2 of the Shoals on Sept 12, 2023.
             The game lasted 04:08:43 (52226 turns).

fuwafuwa the Gelid (Human Ice Elementalist)        Turns: 52226, Time: 04:08:43

Health: 0/120      AC: 12    Str:  6 (8)  XL:     18   Next: 92%
Magic:  2/30       EV:  2    Int: 16 (22) God:    Hepliaklqana [******]
Gold:   2145       SH:  0    Dex: 12 (16) Spells: 23/41 levels left

rFire   + + .        C - staff of cold
rCold   + + .        u - +3 buckler {rPois}
rNeg    + + +        Q - +2 robe
rPois   ∞            t - +0 hat "Qozxaeq" {rElec}
rElec   +            T - +2 cloak {rCorr}
rCorr   +            W - +1 pair of gloves of the Lonely Tales {rF++}
SInv    .            o - +2 pair of boots {Stlth+}
Will    +....        d - amulet of the acrobat
Stlth   ++           w - ring of protection from cold
HPRegen 0.40/turn    b - +5 ring of evasion
MPRegen 0.22/turn

%: acrobat
@: petrified, very slow
A: reduced essence, low MP 1
}: 1/15 runes: gossamer
a: Renounce Religion, Recall Ancestor, Ancestor Identity, Transference, Idealise


You were on level 2 of the Shoals.
You worshipped Hepliaklqana.
Hepliaklqana was exalted by your worship.
You visited 5 branches of the dungeon, and saw 28 of its levels.
You also visited: Sewer, Ossuary, Gauntlet and Ice Cave.

You collected 3443 gold pieces.
You spent 1298 gold pieces at shops.

Inventory:

Hand Weapons
 p - a +5 double sword of chaos
 r - a +2 scimitar of flaming
 x - the +1 dagger of the Lettuce {freeze, rC- Str+3 Dex+5}
   (You found it in an ice cave)

   Str:       It affects your strength (+3).
   Dex:       It affects your dexterity (+5).
   rC:        It makes you vulnerable to cold.
 R - the +10 war axe of Blood {flame, Contam rElec Str+5}
   (You found it on level 2 of the Spider Nest)

   Str:       It affects your strength (+5).
   rElec:     It insulates you from electricity.
   Contam:    It causes magical contamination when unequipped.
Missiles
 J - 5 boomerangs of dispersal
 N - 3 curare-tipped darts
Armour
 o - a +2 pair of boots of stealth (worn)
 t - the +0 hat "Qozxaeq" (worn) {rElec}
   (You found it in an ice cave)

   rElec:     It insulates you from electricity.
 u - a +3 buckler of poison resistance (worn)
 Q - a +2 robe (worn)
 T - a +2 cloak of preservation (worn)
 W - the +1 pair of gloves of the Lonely Tales (worn) {rF++}
   (You acquired it on level 1 of the Lair of Beasts)

   rF:        It greatly protects you from fire.
Magical Staves
 C - a staff of cold (weapon)
Jewellery
 b - a +5 ring of evasion (right hand)
 d - an amulet of the acrobat (around neck)
 g - a +6 ring of dexterity
 i - a ring of flight
 j - a ring of positive energy
 w - a ring of protection from cold (left hand)
 y - a ring of protection from fire
 G - a ring of protection from fire
 U - a ring of willpower
 Y - a ring of wizardry
Wands
 n - a wand of acid (10)
 D - a wand of charming (11)
 K - a wand of iceblast (34)
 P - a wand of flame (30)
 S - a wand of mindburst (27)
 V - a wand of polymorph (10)
 X - a wand of digging (6)
Scrolls
 f - 2 scrolls of amnesia
 l - 3 scrolls of enchant weapon
 q - 4 scrolls of immolation
 s - 5 scrolls of poison
 v - 7 scrolls of fog
 A - a scroll of fear
 B - 6 scrolls of teleportation
 I - a scroll of magic mapping
 O - 2 scrolls of enchant armour
Potions
 e - a potion of resistance
 h - 2 potions of lignification
 k - a potion of might
 m - 7 potions of mutation
 z - 9 potions of attraction
 E - 3 potions of curing
 F - a potion of magic
 L - 4 potions of ambrosia
 M - a potion of heal wounds
 Z - 2 potions of cancellation
Miscellaneous
 a - a phantom mirror
 c - a phial of floods
 H - a lightning rod (4/4)


   Skills:
 - Level 10.1 Fighting
 * Level 11.6 Dodging
 - Level 2.0 Stealth
 - Level 12.0 Shields
 - Level 12.0 Spellcasting
 - Level 11.9 Conjurations
 - Level 15.8 Ice Magic
 - Level 11.9 Air Magic
 - Level 6.0 Invocations
 - Level 5.7 Evocations


You had 23 spell levels left.
You knew the following spells:

 Your Spells              Type           Power      Damage    Failure   Level
b - Frozen Ramparts       Ice            100%       1d16      1%          3
c - Ozocubu's Armour      Ice            74%        N/A       1%          3
d - Freezing Cloud        Conj/Ice/Air   33%        6-21      1%          5
e - Ozocubu's Refrigerat  Ice            37%        4d15      13%         7

Your spell library contained the following spells:

 Spells                   Type           Power      Damage    Failure   Level
 Freeze                   Ice            100%       1d10      0%          1
 Ensorcelled Hibernation  Hex/Ice        100%       N/A       1%          2
 Iskenderun's Battlesphe  Conj           47%        2d10      2%          5
 Cigotuvi's Dreadful Rot  Necr/Pois/Air  44%        N/A       3%          2
 Summon Ice Beast         Ice/Summ       51%        N/A       3%          4
 Flame Wave               Conj/Fire      28%        2d9       9%          4
 Fulminant Prism          Conj/Hex       14%        3d9       9%          4
 Iskenderun's Mystic Bla  Conj/Tloc      28%        2d7       9%          4
 Sticky Flame             Conj/Fire      28%        2d5       9%          4
 Beastly Appendage        Tmut           18%        N/A       10%         1
 Wereblood                Tmut           9%         N/A       16%         2
 Ignite Poison            Fire/Tmut/Pois 9%         N/A       30%         3
 Inner Flame              Hex/Fire       9%         N/A       30%         3
 Spider Form              Tmut/Pois      9%         N/A       30%         3
 Summon Guardian Golem    Hex/Summ       9%         N/A       30%         3
 Volatile Blastmotes      Fire/Tloc      18%        2d11      30%         3
 Orb of Destruction       Conj           23%        9d8       54%         7
 Animate Dead             Necr           9%         N/A       69%         4
 Leda's Liquefaction      Hex/Erth       4%         N/A       69%         4
 Iron Shot                Conj/Erth      14%        9d4       80%         6
 Alistair's Intoxication  Tmut/Pois      6%         N/A       95%         5
 Borgnjor's Vile Clutch   Necr/Erth      4%         N/A       95%         5
 Lee's Rapid Deconstruct  Erth           4%         3d5*      95%         5
 Eringya's Noxious Bog    Tmut/Pois      4%         N/A       100%        6
 Statue Form              Tmut/Erth      6%         N/A       100%        6
 Haunt                    Necr/Summ      4%         N/A       100%        7
 Spellforged Servitor     Conj/Summ      14%        N/A       100%        7
 Infestation              Necr           4%         N/A       100%        8


Dungeon Overview and Level Annotations

Branches:
Dungeon (15/15)            Temple (0/1) D:7            Lair (5/5) D:8
 Shoals (2/4) Lair:3       Spider (4/4) Lair:2        Slime (0/5) Lair:5
    Orc (2/2) D:12            Elf (0/3) Orc:2        Vaults (0/5) D:14
 Depths (0/4) D:15          Sewer (visited)         Ossuary (visited)
  IceCv (visited)         Gauntlet (visited)

Altars:
Ashenzari
Fedhas
Gozag
Hepliaklqana
Kikubaaqudgha
Makhleb
Nemelex Xobeh
Okawaru
Qazlal
Vehumet
Wu Jian
Xom
Yredelemnul
Zin
The Shining One
Jiyva

Shops:
D:6 (   D:8 [   D:14 =   Orc:2 ==::?   Shoals:1 (

Annotations:
D:8 exclusions: ice statue and orange crystal statue
D:9 exclusion: 2 downstairs
D:10 exclusions: upstairs and 9 more exclusions, Erolcha
Shoals:2 Polyphemus
Spider:4 7 exclusions, Donald


Innate Abilities, Weirdness & Mutations

Your life essence is reduced to manifest your ancestor. (-10% HP)
Your magical capacity is low. (-10% MP)


Message History

The sea snake seems to slow down. _FuWaFuWa_ blocks the sea snake's attack. _FuWaFuWa_ hits Polyphemus with a +0 broad axe of flaming! _FuWaFuWa_ burns Polyphemus. _FuWaFuWa_ hits the sea snake with a +0 broad axe of flaming! _FuWaFuWa_ burns the sea snake.
The sea snake dies!
A snapping turtle comes into view.
The catoblepas is engulfed in freezing vapours.
The death yak misses you.
You have turned to stone.
The death yak gores you!
Polyphemus throws a large rock.
The large rock barely misses you.
The death yak gores you but does no damage.
The snapping turtle is engulfed in freezing vapours.
The death yak stops moving altogether! _FuWaFuWa_ blocks the catoblepas's attack.
Polyphemus throws a large rock.
The large rock hits you!!! The death yak gores you!!
* * * LOW HITPOINT WARNING * * *
_FuWaFuWa_ hits Polyphemus with a +0 broad axe of flaming. _FuWaFuWa_ burns Polyphemus. _FuWaFuWa_ hits the catoblepas with a +0 broad axe of flaming! _FuWaFuWa_ burns the catoblepas.
The catoblepas dies!
The death yak gores you.
* * * LOW HITPOINT WARNING * * *
Polyphemus hits you!!
* * * LOW HITPOINT WARNING * * *
Polyphemus hits you but does no damage. The death yak gores you!
* * * LOW HITPOINT WARNING * * *
_FuWaFuWa_ hits Polyphemus with a +0 broad axe of flaming! _FuWaFuWa_ burns Polyphemus. _FuWaFuWa_ barely misses the snapping turtle. _FuWaFuWa_ hits the death yak with a +0 broad axe of flaming. _FuWaFuWa_ burns the death yak.
The death yak barely misses you. Polyphemus throws the death yak at you!
* * * LOW HITPOINT WARNING * * *
_FuWaFuWa_ blocks the snapping turtle's attack.
The death yak gores you!
You die...

≈~~~~~.###....~.)......~≈≈≈≈~....
~~~~~~~..............~~~~~~~~....
~~~~~~....#........~~~~≈~~~~.....
~~~~~~~..##.~~..##.~~~~~≈~......[
≈≈≈~~~~~...~~~.###.≈≈~~~~~..#..##
≈≈≈≈~~~~~~.~.~.###.~≈≈≈≈≈~......#
≈≈≈~~~~~~~~~..))..~~~~≈≈≈~~....P.
≈≈≈~~~..~≈≈~##..~..~~~~≈≈≈≈~..~~P
≈≈≈~~~.~≈≈≈~.##Y@~~~≈~~~...~~P.P~
≈≈≈~~..~≈≈≈~~..C~Y~≈≈~~~...?~~.~~
≈≈~~...~.~~...R~~~~~~~.##.P~P~..
≈~~~~~~..~~)t~~~~~~~~.###......
.~~~~~~~~~~~~~~~~~.###...P..
~~~~§☼~~~~~~~≈~~......~~~~
~~~○§☼~~~~~≈≈≈~~~~..P~~~~~
~~§§§§~~~≈≈≈≈≈≈~~~~~~~~~≈≈
Y~~.~~~~~~≈≈≈≈≈≈~~...~~≈≈≈


You could see the friendly _FuWaFuWa_ the knight, Polyphemus (ally target), 2
death yaks and a snapping turtle (slow).

Vanquished Creatures
  4 emperor scorpions (Spider:4)
  Aizul (Spider:1)
  3 ghost moths
  The ghost of Bolleh the Thaumaturge, a journeyman GnSk of Makhleb (Spider:3)
  A quicksilver ooze (IceCv)
  A broodmother (Spider:2)
  Nessos (D:13)
  3 spark wasps
  A dire elephant (Lair:5)
  An ettin (D:12)
  A merfolk impaler (Shoals:2)
  4 vault guards (D:14)
  6 entropy weavers
  A hydra (Lair:5)
  A rakshasa (D:15)
  A catoblepas (Lair:5)
  6 centaur warriors
  2 ogre magi (D:15)
  10 two-headed ogres
  A ghost crab (Gauntlet)
  7 death yaks
  A radroach (Spider:3)
  7 boulder beetles
  A deep troll shaman (Lair:5)
  3 orc high priests (Orc:2)
  Sonja (D:12)
  A sun moth (Spider:4)
  A fire crab (shapeshifter) (D:14)
  A pharaoh ant (Spider:4)
  2 skysharks (Shoals:1)
  A glowing orange brain (D:15)
  4 sea snakes (Shoals:1)
  7 orb spiders
  6 orc knights
  A glowing orange brain (shapeshifter) (D:15)
  A wizard (D:15)
  3 steelbarb worms
  10 wolf spiders
  A deep elf zephyrmancer (D:6)
  4 harpies (Shoals:1)
  6 manticores
  9 ugly things
  3 orc sorcerers
  6 cyclopes
  3 moths of wrath
  5 fauns
  Maurice (Orc:2)
  A black mamba (Lair:3)
  4 merfolk sirens
  16 elephants
  5 demonic crawlers
  6 cane toads
  4 torpor snails
  A gargoyle (D:11)
  4 kobold demonologists
  2 efreet
  2 komodo dragons
  2 rime drakes
  A wind drake (shapeshifter) (D:11)
  4 trolls
  2 wind drakes
  3 merfolk
  A hornet (Orc:1)
  4 polar bears
  14 tarantellas
  7 dream sheep
  4 blink frogs
  25 slime creatures
  A water elemental (Shoals:1)
  14 culicivoras
  18 jumping spiders
  2 shadows (D:9)
  30 yaks
  A wyvern (Lair:1)
  A basilisk (shapeshifter) (D:14)
  36 redbacks
  4 wraiths
  2 basilisks
  2 humans (D:14)
  Menkaure (D:7)
  3 wargs
  3 vampire mosquitoes
  Duvessa (D:6)
  9 water moccasins
  An acid dragon (D:12)
  2 floating eyes (Orc:1)
  A sky beast (D:6)
  14 orc warriors
  An ice beast (D:7)
  10 wolves
  15 ogres
  15 centaurs
  A slime creature simulacrum (IceCv)
  A gnoll sergeant (D:12)
  8 bullfrogs
  4 scorpions
  A water moccasin zombie (Ossuary)
  5 wights
  Dowan (D:6)
  6 killer bees
  7 howler monkeys
  3 hounds
  6 centaur zombies
  Crazy Yiuf (D:7)
  2 jellies
  A bullfrog zombie (Ossuary)
  A gnoll bouda (D:7)
  A sleepcap (D:7)
  Terence (D:2)
  9 orc priests
  7 iguanas
  A scorpion zombie (Ossuary)
  15 orc wizards
  An ogre zombie (Ossuary)
  21 gnolls
  A naga simulacrum (D:12)
  10 adders
  2 shadow imps
  3 white imps
  An ufetubus (D:6)
  4 adder zombies (Ossuary)
  A worm (D:3)
  A dart slug (D:2)
  45 orcs
  A bat (D:1)
  11 endoplasms
  15 giant cockroaches
  3 gnoll zombies (Ossuary)
  6 goblins
  8 hobgoblins
  14 quokkas
  9 ball pythons
  6 frilled lizards
  3 goblin zombies
  3 hobgoblin zombies (Ossuary)
  15 kobolds
  5 orc zombies (Ossuary)
  4 rats
  A rat zombie (D:7)
721 creatures vanquished.

Vanquished Creatures (collateral kills)
  Frances (D:14)
  An azure jelly (IceCv)
  A ghost moth (Spider:4)
  2 emperor scorpions (Spider:4)
  A quicksilver ooze (IceCv)
  A vault guard (D:14)
  A hydra (Lair:5)
  A catoblepas (Shoals:2)
  3 ogre magi (Orc:1)
  A death knight (D:13)
  A boulder beetle (D:14)
  2 centaur warriors
  2 radroaches
  5 death yaks
  A dancing weapon (Spider:3)
  A soul eater (Gauntlet)
  A sun moth (Spider:2)
  2 pharaoh ants
  A skyshark (Shoals:1)
  3 orb spiders
  4 sea snakes
  2 steelbarb worms
  A harpy (Shoals:1)
  8 ugly things
  7 wolf spiders
  A faun (Shoals:2)
  3 orc sorcerers
  3 cyclopes
  3 manticores
  5 elephants (Lair:5)
  A water nymph (Shoals:2)
  3 ice statues (IceCv)
  3 torpor snails
  A demonic crawler (Spider:1)
  2 cane toads
  A rime drake (Lair:2)
  3 komodo dragons (Lair:5)
  A freezing wraith (D:13)
  A queen bee (Gauntlet)
  3 polar bears
  5 tarantellas
  A hornet (Orc:1)
  4 blink frogs
  4 snapping turtles
  9 slime creatures
  5 jumping spiders
  A shadow (D:12)
  2 wraiths
  6 culicivoras
  6 yaks
  A vampire (D:12)
  3 humans (D:14)
  2 basilisks
  3 wyverns
  14 redbacks
  A warg (Orc:1)
  2 acid dragons
  13 orc warriors
  A wolf (Lair:2)
  An ogre (Orc:2)
  6 centaurs
  A slime creature simulacrum (IceCv)
  A kobold brigand (D:10)
  2 bullfrogs
  4 glowing shapeshifter simulacra (IceCv)
  2 two-headed ogre simulacra (D:12)
  A gnoll sergeant (Orc:2)
  A killer bee (D:10)
  2 howler monkeys
  11 orc priests
  8 orc wizards
  2 polar bear simulacra (D:12)
  3 shapeshifter simulacra (IceCv)
  3 spriggan simulacra (D:12)
  3 gnolls (Orc:2)
  A shadow imp (Gauntlet)
  23 orcs
  A kobold (D:10)
  2 butterflies (Lair:2)
249 creatures vanquished.

Vanquished Creatures (others)
  2 humans (D:14)
  A shadow (D:12)
  34 knights
  4 ancestors
  A bush (Lair:5)
  14 fungi
  112 plants
  15 withered plants (Gauntlet)
183 creatures vanquished.

Grand Total: 1153 creatures vanquished

Notes
Turn   | Place    | Note
-------+----------+-------------------------------------------
     0 | D:1      | fuwafuwa the Human Ice Elementalist began the quest for the
                  | Orb.
     0 | D:1      | Reached XP level 1. HP: 13/13 MP: 3/3
   299 | D:1      | Reached XP level 2. HP: 19/19 MP: 3/5
   665 | D:1      | Found a faded altar of an unknown god.
   805 | D:1      | Reached XP level 3. HP: 16/24 MP: 2/6
   813 | D:1      | Learned a level 3 spell: Frozen Ramparts
   817 | D:1      | Learned a level 3 spell: Ozocubu's Armour
  1496 | D:2      | Reached XP level 4. HP: 30/30 MP: 8/8
  1700 | D:2      | Reached skill level 5 in Ice Magic
  1876 | D:2      | Noticed Terence
  1883 | D:2      | Killed Terence
  2181 | D:3      | Found a glowing drain.
  2194 | D:3      | Reached XP level 5. HP: 27/35 MP: 1/9
  2204 | Sewer    | Entered a sewer
  2626 | Sewer    | Reached skill level 6 in Ice Magic
  2874 | Sewer    | Noticed a bullfrog
  2906 | Sewer    | Killed a bullfrog
  2907 | Sewer    | Reached XP level 6. HP: 21/41 MP: 1/10
  3053 | Sewer    | Reached skill level 7 in Ice Magic
  3115 | Sewer    | Identified the amulet "Laraul" {Regen+ Dex+2}
  3907 | D:3      | Found a burning altar of Makhleb.
  4286 | D:4      | Found a glowing silver altar of Zin.
  4561 | D:4      | Reached XP level 7. HP: 46/46 MP: 5/11
  4748 | D:4      | Found an ornate altar of the Wu Jian Council.
  4760 | D:4      | Reached skill level 8 in Ice Magic
  4901 | D:5      | Entered Level 5 of the Dungeon
  5696 | D:5      | Reached skill level 9 in Ice Magic
  5696 | D:5      | Reached XP level 8. HP: 52/52 MP: 5/12
  6156 | D:5      | Reached skill level 10 in Ice Magic
  6403 | D:6      | Found a sparkling altar of Nemelex Xobeh.
  6519 | D:6      | Found Xuvanaga's Weapon Shoppe.
  6692 | D:6      | Found an ancient bone altar of Kikubaaqudgha.
  6692 | D:6      | Found a blossoming altar of Fedhas.
  6703 | D:6      | Noticed Dowan
  6717 | D:6      | Noticed Duvessa
  6743 | D:6      | Killed Duvessa
  6749 | D:6      | Killed Dowan
  6865 | D:6      | Reached XP level 9. HP: 57/57 MP: 6/13
  6868 | D:6      | Reached skill level 11 in Ice Magic
  7118 | D:6      | Noticed a deep elf zephyrmancer
  8033 | D:7      | Reached skill level 12 in Ice Magic
  8097 | D:7      | Found a sand-covered staircase.
  8104 | Ossuary  | Entered an ossuary
  8433 | Ossuary  | Reached skill level 1 in Fighting
  8712 | Ossuary  | Noticed a silent spectre
  9265 | D:7      | Found a runed translucent door.
  9266 | D:7      | Noticed Crazy Yiuf
  9274 | D:7      | Killed Crazy Yiuf
  9381 | D:7      | Noticed Menkaure
  9391 | D:7      | Killed Menkaure
  9542 | D:7      | Found a staircase to the Ecumenical Temple.
  9699 | D:7      | Reached XP level 10. HP: 52/71 MP: 12/14
  9898 | D:7      | Found a broken altar of Ashenzari.
 10014 | D:8      | Found a stormy altar of Qazlal.
 10491 | D:8      | Found Heaw's Antique Armour Shop.
 10547 | D:7      | Reached skill level 5 in Dodging
 10698 | D:8      | Bought a pair of runed boots for 247 gold pieces
 10892 | D:8      | Reached skill level 5 in Fighting
 11043 | D:8      | Found a glowing golden altar of the Shining One.
 11107 | D:8      | Bought an embroidered cloak for 247 gold pieces
 11161 | D:8      | Found a staircase to the Lair.
 11177 | D:8      | Found an iron altar of Okawaru.
 11206 | D:8      | Noticed an ice statue
 11318 | D:8      | Noticed an orange crystal statue
 11410 | D:8      | Found a basalt altar of Yredelemnul.
 11476 | D:8      | Noticed a two-headed ogre
 11484 | D:8      | Killed a two-headed ogre
 11522 | D:8      | Found a radiant altar of Vehumet.
 11684 | D:9      | Found a hazy altar of Hepliaklqana.
 11687 | D:9      | Found an opulent altar of Gozag.
 11765 | D:9      | Became a worshipper of Hepliaklqana the Forgotten
 11894 | D:9      | Reached skill level 1 in Shields
 13581 | D:10     | Entered Level 10 of the Dungeon
 13588 | D:10     | Noticed Erolcha
 13663 | Lair:1   | Entered Level 1 of the Lair of Beasts
 13790 | Lair:1   | Noticed a cane toad
 13800 | Lair:1   | Killed a cane toad
 13801 | Lair:1   | Reached skill level 1 in Conjurations
 13801 | Lair:1   | Reached skill level 1 in Air Magic
 13994 | Lair:1   | Identified a scroll of acquirement
 13994 | Lair:1   | Acquired the +1 pair of gloves of the Lonely Tales {rF++}
 14027 | Lair:1   | Learned a level 5 spell: Freezing Cloud
 14117 | Lair:1   | Reached * piety under Hepliaklqana
 14861 | Lair:2   | Noticed a rime drake
 14868 | Lair:2   | Killed a rime drake
 14869 | Lair:2   | Reached XP level 11. HP: 74/74 MP: 8/15
 15002 | Lair:2   | Noticed a boulder beetle
 15020 | Lair:2   | Killed a boulder beetle
 15073 | Lair:2   | Reached skill level 5 in Shields
 15244 | Lair:2   | Noticed an elephant
 15247 | Lair:2   | Noticed an elephant
 15247 | Lair:2   | Noticed an elephant
 15262 | Lair:2   | Killed an elephant
 15312 | Lair:2   | Noticed an elephant
 15389 | Lair:1   | Killed an elephant
 15391 | Lair:1   | Killed an elephant
 15392 | Lair:1   | Reached skill level 5 in Air Magic
 15408 | Lair:1   | Killed an elephant
 15409 | Lair:1   | Reached skill level 5 in Conjurations
 16019 | Lair:2   | Reached ** piety under Hepliaklqana
 16040 | Lair:2   | Found a hole to the Spider Nest.
 16918 | Lair:3   | Noticed an elephant
 16922 | Lair:3   | Noticed an elephant
 16922 | Lair:3   | Noticed an elephant
 16941 | Lair:3   | Killed an elephant
 16945 | Lair:3   | Killed an elephant
 16946 | Lair:3   | Reached XP level 12. HP: 56/80 MP: 9/16
 17048 | Lair:3   | Found a gate leading to a gauntlet.
 17159 | Lair:2   | Remembered your ancestor _FuWaFuWa_ as a knight
 17180 | Gauntlet | Entered a Gauntlet
 17180 | Gauntlet | Found a transporter.
 17186 | Gauntlet | Noticed a death scarab
 17189 | Gauntlet | Found a transporter.
 17204 | Gauntlet | Found a transporter.
 17209 | Gauntlet | Found a transporter.
 17220 | Gauntlet | Noticed an entropy weaver
 17224 | Gauntlet | Found a transporter.
 17243 | Gauntlet | Found a transporter.
 17253 | Gauntlet | Noticed a death yak
 17254 | Gauntlet | Noticed a death yak
 17255 | Gauntlet | Found a transporter.
 17255 | Gauntlet | Noticed a death yak
 17255 | Gauntlet | Noticed a death yak
 17257 | Gauntlet | Noticed a death yak
 17267 | Gauntlet | Found a transporter.
 17269 | Gauntlet | Noticed a ghost crab
 17275 | Gauntlet | Found a large runed translucent door.
 17276 | Gauntlet | Found a large runed translucent door.
 17277 | Gauntlet | Found a large runed translucent door.
 17277 | Gauntlet | Found a large runed translucent door.
 17277 | Gauntlet | Noticed a wretched star
 17278 | Gauntlet | Found a runed translucent gate.
 17279 | Gauntlet | Found a transporter.
 17279 | Gauntlet | Found a runed translucent gate.
 17280 | Gauntlet | Found a runed translucent gate.
 17281 | Gauntlet | Found a large runed translucent door.
 17281 | Gauntlet | Found a large runed translucent door.
 17282 | Gauntlet | Found a large runed translucent door.
 17283 | Gauntlet | Found a large runed translucent door.
 17291 | Gauntlet | Found a transporter.
 17291 | Gauntlet | Noticed a reaper
 17308 | Gauntlet | Found a transporter.
 17322 | Gauntlet | Found a large runed translucent door.
 17323 | Gauntlet | Found a large runed translucent door.
 17324 | Gauntlet | Found a large runed translucent door.
 17324 | Gauntlet | Found a large runed translucent door.
 17325 | Gauntlet | Found a runed translucent door.
 17326 | Gauntlet | Found a transporter.
 17327 | Gauntlet | Found a runed translucent door.
 17328 | Gauntlet | Found a large runed translucent door.
 17328 | Gauntlet | Found a transporter.
 17328 | Gauntlet | Found a large runed translucent door.
 17329 | Gauntlet | Found a large runed translucent door.
 17331 | Gauntlet | Noticed a soul eater
 17353 | Gauntlet | Found a transporter.
 17355 | Gauntlet | Found a transporter.
 17375 | Gauntlet | Found a transporter.
 17453 | Gauntlet | Found a transporter.
 17473 | Gauntlet | Found a transporter.
 17489 | Gauntlet | Found a large runed translucent door.
 18152 | Gauntlet | Killed a soul eater
 18324 | Gauntlet | Killed a ghost crab
 18363 | Gauntlet | Acquired 929 gold pieces
 18383 | Gauntlet | Identified the +11 double sword "Qulac" {flame, Contam
                  | rPois Str+2}
 18383 | Gauntlet | Identified the +0 chain mail of Pride {rPois Int+3}
 18383 | Gauntlet | Identified the amulet "Imitierr" {Faith rN+ Slay+4}
 18383 | Gauntlet | Noticed a minotaur
 19507 | Lair:3   | Found a staircase to the Shoals.
 19651 | Shoals:1 | Entered Level 1 of the Shoals
 19651 | Shoals:1 | Noticed a sea snake
 20064 | Lair:4   | Noticed a boulder beetle
 20080 | Lair:4   | Killed a boulder beetle
 20517 | Lair:4   | Reached *** piety under Hepliaklqana
 21077 | Lair:5   | Entered Level 5 of the Lair of Beasts
 21091 | Lair:5   | Reached XP level 13. HP: 85/85 MP: 7/17
 21995 | Lair:5   | Reached **** piety under Hepliaklqana
 22040 | Lair:5   | Reached skill level 10 in Shields
 22227 | Lair:5   | Found a staircase to the Slime Pits.
 22227 | Lair:5   | Found a viscous altar of Jiyva.
 22245 | Lair:5   | Noticed a six-headed hydra
 22256 | Lair:5   | Killed a six-headed hydra
 22410 | Lair:5   | Noticed a six-headed hydra
 22432 | Lair:5   | Killed a six-headed hydra
 22534 | Lair:5   | Reached skill level 10 in Air Magic
 22541 | Lair:5   | Reached skill level 10 in Conjurations
 22766 | Lair:5   | Noticed a catoblepas
 23221 | Lair:4   | Reached XP level 14. HP: 82/90 MP: 9/18
 23504 | Lair:5   | Noticed a dire elephant
 23553 | Lair:5   | Killed a dire elephant
 24562 | D:10     | You fall into a shaft and drop 1 floor!
 26589 | D:11     | Found the brooch of Shielding {Spirit SH+8}
 26864 | D:12     | Noticed Sonja
 26982 | D:12     | Found a frozen archway.
 27121 | IceCv    | Entered an ice cave
 27142 | IceCv    | Noticed a quicksilver ooze
 27151 | IceCv    | Killed a quicksilver ooze
 27188 | IceCv    | Reached skill level 1 in Evocations
 27478 | IceCv    | Learned a level 4 spell: Flame Wave
 27502 | IceCv    | Reached XP level 15. HP: 96/96 MP: 8/19
 28056 | IceCv    | Noticed an azure jelly
 28058 | IceCv    | Noticed a quicksilver ooze
 28062 | IceCv    | Killed a quicksilver ooze
 28063 | IceCv    | Reached skill level 5 in Evocations
 28074 | IceCv    | Killed an azure jelly
 28148 | IceCv    | Found a viscous altar of Jiyva.
 28166 | IceCv    | Identified the +0 hat "Qozxaeq" {rElec}
 28188 | IceCv    | Got the Anthology of the Chill
 28660 | IceCv    | Got the +1 dagger of the Lettuce {freeze, rC- Str+3 Dex+5}
 28798 | D:12     | Killed Sonja
 30058 | D:12     | Found a staircase to the Orcish Mines.
 30102 | Orc:1    | Entered Level 1 of the Orcish Mines
 30819 | Orc:1    | Reached skill level 13 in Ice Magic
 31284 | Orc:1    | Reached ***** piety under Hepliaklqana
 31381 | Orc:2    | Entered Level 2 of the Orcish Mines
 31386 | Orc:2    | Noticed Maurice
 31393 | Orc:2    | Killed Maurice
 31774 | Orc:2    | Found a staircase to the Elven Halls.
 31973 | Orc:2    | Found Kecerap's Book Emporium.
 32049 | Orc:2    | Paralysed by an orc sorcerer for 4 turns
 32056 | Orc:2    | Found Ocemycko's Magic Scroll Shop.
 32286 | Orc:2    | Bought a scroll of enchant weapon for 112 gold pieces
 32286 | Orc:2    | Bought a scroll of blinking for 112 gold pieces
 32286 | Orc:2    | Bought a scroll of amnesia for 60 gold pieces
 32634 | Orc:2    | Found Gytiom's Jewellery Shop.
 32643 | Orc:2    | Found Xoisoti's Jewellery Shop.
 32645 | Orc:2    | Found Torpheno's Book Emporium.
 32654 | Orc:2    | Bought a book of Dangerous Friends for 520 gold pieces
 32705 | Orc:2    | Paralysed by an orc sorcerer for 4 turns
 33489 | D:13     | Noticed Nessos
 33496 | D:13     | Killed Nessos
 33497 | D:13     | Reached XP level 16. HP: 82/107 MP: 7/20
 33909 | D:13     | Reached skill level 14 in Ice Magic
 34746 | D:14     | Noticed Frances
 34757 | D:14     | Killed Frances
 34987 | D:14     | Identified the +0 leather armour "Useoluro" {Harm rC+ Str+3
                  | SInv Stlth+}
 35199 | D:14     | Reached skill level 10 in Fighting
 35689 | D:14     | Found Lifimp's Jewellery Shoppe.
 36171 | D:14     | Found a gate to the Vaults.
 36223 | D:15     | Entered Level 15 of the Dungeon
 36432 | D:15     | Reached skill level 5 in Spellcasting
 36824 | D:15     | Found a staircase to the Depths.
 37330 | D:15     | Found a radiant altar of Vehumet.
 37681 | D:11     | Learned a level 7 spell: Ozocubu's Refrigeration
 37911 | Spider:1 | Entered Level 1 of the Spider Nest
 38133 | Spider:1 | Reached XP level 17. HP: 106/115 MP: 13/29
 38782 | Spider:1 | Reached skill level 15 in Ice Magic
 38968 | Spider:1 | Noticed Aizul
 38979 | Spider:1 | Killed Aizul
 40906 | Spider:2 | Identified the +10 war axe of Blood {flame, Contam rElec
                  | Str+5}
 42317 | Spider:3 | Reached skill level 10 in Spellcasting
 42785 | Spider:3 | Found a runed translucent door.
 42822 | Spider:3 | Found a shimmering altar of Xom.
 42822 | Spider:3 | Noticed Bolleh's ghost (journeyman GnSk)
 42864 | Spider:3 | Killed Bolleh's ghost
 43629 | Spider:3 | Reached ****** piety under Hepliaklqana
 43644 | Spider:3 | Identified the +3 leather armour "Seulox" {rElec rCorr
                  | Int+5 Dex-5}
 44803 | Spider:4 | Entered Level 4 of the Spider Nest
 44803 | Spider:4 | Noticed Donald
 45236 | Spider:4 | Reached skill level 1 in Invocations
 45507 | Spider:3 | Gained mutation: Your magical capacity is low. (-10% MP)
                  | [mutagenic glow]
 45867 | Spider:4 | Reached XP level 18. HP: 109/120 MP: 27/30
 47074 | Spider:4 | Reached skill level 5 in Invocations
 48000 | Spider:4 | HP: 7/180 [cloud of freezing vapour (4)]
 48824 | Spider:4 | Identified the scarf "Rieh" {shadows, Contam Rampage rF+
                  | Dex+6}
 48847 | Spider:4 | Got a gossamer rune of Zot
 49797 | Shoals:1 | Found Biwuer's Antique Weapon Shop.
 50864 | Shoals:1 | Reached skill level 10 in Dodging
 52212 | Shoals:2 | Noticed Polyphemus
 52225 | Shoals:2 | HP: 6/120 [Polyphemus/death yak (3)]
 52226 | Shoals:2 | Slain by a death yak

Illustrated notes

Levels and vault maps discovered:
D:1:      shiori_arrival_elements, layout_loops_ring,
          dilly_ecumenical_altar_fadedgnrine, minmay_crystal_water,
          bh_walls_and_bars
D:2:      layout_loops_ring, uniq_terence
D:3:      layout_loops_corners, mainiacjoe_overflow_alcove_2,
          gup_sewer_entry_glass, chequers_jeans
D:4:      cheibrodos_helix_gallery, layout_cave_pools,
          nicolae_wu_jian_immortal_techniques, lemuel_round_altar
D:5:      layout_loops_corners
D:6:      corexii_shack_village, layout_gridville,
          grunt_temple_overflow_growth_and_decay, mainiacjoe_overflow_boulevard,
          serial_shops, nicolae_shop_real_fake_doors, grunt_decor_one_mirror,
          hangedman_abyss_or_decor_stabs, guppyfry_early_elven_hall,
          uniq_duvessa
D:7:      layout_basic, ashenzari_conservatory_becter,
          minmay_temple_entry_arrows, enter_ossuary_4, uniq_crazy_yiuf_cottage,
          uniq_menkaure
D:8:      minmay_separated_statues, layout_rooms, okawaru_gym_becter,
          nicolae_qazlal_style_of_elements, lemuel_coloured_pillars_altar,
          lemuel_zombie_altar_yredelemnul, mainiacjoe_overflow_brackets,
          lair_entry_dummy, serial_shops, nicolae_stop_n_shop_2
D:9:      layout_loops_ring, grunt_temple_overflow_open
D:10:     layout_basic, uniq_erolcha
D:11:     minmay_the_grid_four_pointed_star
          [minmay_the_grid_triangle_9x9_zippers_horizontal,
          minmay_the_grid_triangle_9x9_stretched_checkered,
          minmay_the_grid_triangle_9x9_minimal,
          minmay_the_grid_triangle_9x9_cache,
          minmay_the_grid_prize_four_corners_diamond_a], layout_rooms
D:12:     layout_loops_ring, david_orc_4, portal_ice_cave_entry_ice_simulacra,
          minmay_between, uniq_sonja
D:13:     layout_loops_ring, grunt_decor_junction, uniq_nessos
D:14:     layout_cross, ximxim_vaults_locker_room, kennysheep_nub, serial_shops,
          shop, kennysheep_dice, uniq_frances
D:15:     gammafunk_enter_depths_forms, layout_small_grid,
          serial_park_tiny_pond, fiery_altar_vehumet
Lair:1:   layout_hall_layers, serial_rivers, chequers_serial_rivers_micro_b,
          chequers_serial_rivers_micro_a, chequers_serial_rivers_room_b,
          chequers_serial_rivers_room_b, chequers_serial_rivers_small_b,
          chequers_serial_rivers_room_a
Lair:2:   layout_regular_city, spider_nest_entry_webs, lemuel_fruit_fields
Lair:3:   layout_cellular_growth, minmay_shoals_entry_beasts,
          gauntlet_entry_generic, chequers_serial_rivers_large_b
Lair:4:   layout_small_grid, grunt_megastairs_2, infiniplex_staircase_pool_2,
          serial_bayou_shore_b
Lair:5:   grunt_lair_end_beastmaster, layout_regular_city, slime_entry_1,
          lemuel_fruit_fields, grunt_megastairs_5
Shoals:1: layout_shoals, serial_shops, shop, nicolae_shoals_lost_giant_hut
Shoals:2: layout_shoals, serial_shops, nicolae_shop_gaudy_bauble,
          uniq_polyphemus
Spider:1: layout_cave_pods, uniq_aizul
Spider:2: layout_spider_delve
Spider:3: layout_spider_delve, ebering_ghost_xom
Spider:4: grunt_spider_rune_circles, nicolae_spider_bzzzt, uniq_donald
Orc:1:    hellmonk_paralyzer, layout_diamond_mine
Orc:2:    st_orc_elflike, layout_caves, serial_shops,
          nicolae_shop_tiny_real_fake_doors, uniq_maurice

Skill      XL: |  1  2  3  4  5  6  7  8  9 10 11 12 13 14 15 16 17 18 |
---------------+-------------------------------------------------------+-----
Ice Magic      | 5 6 7 9 10 12 13 14 15 | 15.8
Fighting       | 3 6 8 10 | 10.1
Dodging        | 4 6 7 11 | 11.6
Shields        | 3 6 8 10 12 | 12.0
Conjurations   | 2 5 8 10 11 | 11.9
Air Magic      | 2 5 8 10 11 | 11.9
Evocations     | 2 5 |  5.7
Spellcasting   | 8 11 12 | 12.0
Invocations    | 1 6 |  6.0
Stealth        | |  2.0

Action                     |  1- 3 |  4- 6 |  7- 9 | 10-12 | 13-15 | 16-18 || total
---------------------------+-------+-------+-------+-------+-------+-------++-------
  Melee: Unarmed           |     1 |       |       |       |       |       ||     1
         Dagger            |    18 |    94 |       |    12 |     6 |       ||   130
         Punch             |       |     1 |     4 |       |       |       ||     5
         Mace              |       |     2 |   194 |   236 |   179 |       ||   611
         Quick blade       |       |       |       |       |    34 |       ||    34
         Staff             |       |       |       |       |    39 |   218 ||   257
         War axe           |       |       |       |       |       |     5 ||     5
   Fire: Shortbow          |       |       |       |    81 |       |       ||    81
  Throw: Dart              |       |     2 |       |       |       |     3 ||     5
         Stone             |       |       |     1 |       |       |       ||     1
         Throwing net      |       |       |       |     1 |       |       ||     1
         Boomerang         |       |       |       |       |       |     1 ||     1
   Cast: Freeze            |    39 |    42 |    16 |    20 |    32 |    14 ||   163
         Frozen Ramparts   |       |    17 |    49 |    72 |    88 |    53 ||   279
         Ozocubu's Armour  |       |    11 |    46 |    65 |    79 |    25 ||   226
         Freezing Cloud    |       |       |       |       |    78 |   144 ||   222
         Flame Wave        |       |       |       |       |    11 |       ||    11
         Ozocubu's Refrige |       |       |       |       |       |   124 ||   124
 Invoke: Ancestor Identity |       |       |       |     1 |       |       ||     1
         Recall Ancestor   |       |       |       |     1 |     4 |     2 ||     7
         Ancestor Life: Kn |       |       |       |     1 |       |       ||     1
         Idealise          |       |       |       |       |       |     2 ||     2
  Evoke: Wand              |       |       |       |    18 |     3 |     1 ||    22
         Phantom mirror    |       |       |       |       |       |     1 ||     1
         Lightning rod     |       |       |       |       |       |     1 ||     1
    Use: Scroll            |       |     2 |     3 |    27 |    13 |    13 ||    58
         Potion            |       |     2 |     1 |    11 |     5 |    12 ||    31
   Stab: Sleeping          |     2 |     6 |     1 |     1 |     1 |     3 ||    14
         Distracted        |       |       |       |     1 |     3 |     4 ||     8
 Armour: Robe              |     7 |    40 |   138 |   172 |   140 |   176 ||   673
         Skin              |       |       |       |       |    12 |    32 ||    44
  Dodge: Dodged            |    29 |   100 |   526 |   657 |   527 |   621 ||  2460
  Block: Kite shield       |       |       |       |   289 |   656 |    68 ||  1013
         Buckler           |       |       |       |       |       |   284 ||   284
